 Dungeon Crawl Stone Soup version 0.30.1-11-g7821555f0a (webtiles) character file.

Game seed: 12231267127163363613

1562 comborobin the Covert (level 8, -1/58 HPs)
             Began as a Spriggan Delver on Dec 4, 2023.
             Succumbed to a kobold brigand's curare-tipped dart
             ... on level 9 of the Dungeon.
             The game lasted 00:08:50 (2341 turns).

comborobin the Covert (Spriggan Delver)             Turns: 2341, Time: 00:08:51

Health: -1/58      AC: 24    Str:  8    XL:     8   Next: 58%
Magic:  9/9        EV:  4    Int: 11    God:
Gold:   96         SH:  0    Dex: 25    Spells: 7/7 levels left

rFire   . . .        b - +1 rapier (speed)
rCold   . . .        (no shield)
rNeg    . . .        k - melded +0 robe
rPois   +            (helmet currently unavailable)
rElec   .            (cloak currently unavailable)
rCorr   .            (gloves unavailable)
SInv    +            (boots unavailable)
Will    +....        (no amulet)
Stlth   ++++++       p - +6 ring of dexterity
HPRegen 0.29/turn    (no ring)
MPRegen 0.11/turn

%: no passive effects
@: lethally poisoned (-1 -> -13), tree-form, slowed, very slow
A: stationary, stasis, torment immunity, boosted hp, very small, no large
weapons, unfitting armour, see invisible, (speed 3)
a: no special abilities


You were on level 9 of the Dungeon.
You were a tree.
You visited 1 branch of the dungeon, and saw 5 of its levels.

You collected 96 gold pieces.

Inventory:

Hand Weapons
 a - a +0 dagger
 b - a +1 rapier of speed (weapon)
 i - a +0 short sword
 l - a +0 quarterstaff
 m - a +2 whip of electrocution
Armour
 k - a +0 robe (melded)
Jewellery
 p - a +6 ring of dexterity (left branch)
Scrolls
 c - a scroll of fog
 d - a scroll of identify


   Skills:
 - Level 2.4 Fighting
 + Level 7.3 Short Blades
 + Level 8.2 Dodging
 + Level 12.1 Stealth


You had 7 spell levels left.
You didn't know any spells.
Your spell library was empty.

Dungeon Overview and Level Annotations

Branches:
Dungeon (9/15)
 Temple: D:4-7         Lair: D:8-11         Orc: D:9-12

Altars:
Zin


Innate Abilities, Weirdness & Mutations

You are a tree.
Your roots penetrate the ground, keeping you stationary.
You cannot be teleported.
You are immune to unholy pain and torment.
Your maximum health is greatly increased.
Your equipment is partially melded.
You are very small and have problems with some larger weapons.
You are too small for most types of armour.
You have supernaturally acute eyesight. (SInv)
((You cover ground extremely quickly. (Speed+++)))


Message History

You are too injured to fight recklessly!
You are too injured to fight recklessly!
You are too injured to fight recklessly!
You are too injured to fight recklessly!
You are too injured to fight recklessly!
You are too injured to fight recklessly!
You are too injured to fight recklessly!
You are too injured to fight recklessly!
You are too injured to fight recklessly!
You are too injured to fight recklessly!
You are too injured to fight recklessly!
You are too injured to fight recklessly!
There is a stone staircase leading up here.
You are too injured to fight recklessly!
You are too injured to fight recklessly!
The kobold throws a stone.
The stone completely misses you.
The kobold throws a stone.
The stone completely misses you.
There is an open door here.
There is a stone staircase leading down, spattered with blood here.
Press: ? - help, v - describe, . - travel A stone staircase leading down, spattered with blood.
Press: ? - help, v - describe, . - travel A stone staircase leading down, spattered with blood.
Unknown command.
Unknown command.
You start resting.
A kobold brigand is nearby!
The kobold brigand throws a curare-tipped dart.
The curare-tipped dart hits you.
You are lethally poisoned!
You have difficulty breathing.
* * * LOW HITPOINT WARNING * * *
You feel yourself slow down.
You climb downwards.
* * * LOW HITPOINT WARNING * * *
You feel extremely sick.
There is a stone staircase leading up here.
It was a potion of lignification.
You turn into a tree.
Your +0 robe melds into your body.
Your roots penetrate the ground.
You die...

#.........#.....#
#....######.....#
#....#..........#
#....#....########
#....#....#......#
#....#....#......#
#(...#...........######
#....#.................
#...o#.........♣.......
#....#....#............
#....#....#............
#....#....#............
#....#....###########..
#.........#...# .
#.............#
#.........#####
###########


There were no monsters in sight!

Vanquished Creatures
  Pikel (D:7)
  Duvessa (D:7)
  A black bear (D:7)
  An ice beast (D:7)
  A wolf (D:8)
  A phantom (D:7)
  2 lemures (D:7)
  Blork the orc (D:6)
  A bullfrog (D:7)
  4 wights
  Dowan (D:7)
  3 howler monkeys
  A jelly (D:6)
  2 hounds (D:6)
  An orc priest (D:7)
  2 orc wizards (D:7)
  2 sleepcaps
  A shadow imp (D:7)
  2 white imps (D:7)
  5 orcs (D:7)
  3 kobolds (D:8)
37 creatures vanquished.

Vanquished Creatures (others)
  2 orcs (D:7)
2 creatures vanquished.

Grand Total: 39 creatures vanquished

Notes
Turn   | Place    | Note
-------+----------+-------------------------------------------
     0 | D:5      | comborobin the Spriggan Delver began the quest for the Orb.
     0 | D:5      | Reached XP level 1. HP: 11/11 MP: 2/2
    14 | D:6      | Noticed a howler monkey
    16 | D:6      | Killed a howler monkey
    17 | D:6      | Reached skill level 8 in Stealth
    17 | D:6      | Reached XP level 2. HP: 16/16 MP: 3/3
    17 | D:6      | Reached XP level 3. HP: 19/19 MP: 4/4
   219 | D:8      | Noticed a killer bee
   219 | D:8      | Noticed a killer bee
   220 | D:8      | Noticed a water moccasin
   220 | D:8      | Noticed a killer bee
   342 | D:7      | Noticed a lemure
   348 | D:7      | Noticed Pikel
   348 | D:7      | Noticed a lemure
   348 | D:7      | Noticed a lemure
   348 | D:7      | Noticed a lemure
   349 | D:7      | Killed a lemure
   351 | D:7      | Killed a lemure
   353 | D:7      | Killed Pikel
   354 | D:7      | Reached skill level 5 in Short Blades
   354 | D:7      | Reached skill level 5 in Dodging
   354 | D:7      | Reached skill level 10 in Stealth
   354 | D:7      | Reached XP level 4. HP: 23/23 MP: 5/5
   354 | D:7      | Reached XP level 5. HP: 27/27 MP: 6/6
   354 | D:7      | Reached XP level 6. HP: 32/32 MP: 7/7
   455 | D:6      | Noticed Blork the orc
   475 | D:6      | Killed Blork the orc
   476 | D:6      | Reached XP level 7. HP: 35/35 MP: 8/8
   659 | D:7      | Noticed a steam dragon
  1071 | D:8      | Identified the +1 leather armour "Koofautu" {rPois MP+9
                  | Dex+4}
  1078 | D:8      | Noticed a steam dragon
  1102 | D:8      | Noticed a rime drake
  1136 | D:7      | Reached skill level 11 in Stealth
  1173 | D:7      | Reached XP level 8. HP: 21/39 MP: 9/9
  1595 | D:7      | Found a glowing silver altar of Zin.
  1635 | D:7      | Noticed Duvessa
  1636 | D:7      | Noticed Dowan
  1657 | D:7      | Killed Duvessa
  1796 | D:7      | Killed Dowan
  1799 | D:7      | Reached skill level 12 in Stealth
  2340 | D:9      | HP: 1/39 [poisoned by a kobold brigand (curare-tipped
                  | dart)]
  2341 | D:9      | Succumbed to a kobold brigand's curare-tipped dart

Illustrated notes

Levels and vault maps discovered:
D:5:      cheibrodos_iron_armory, layout_basic, serial_aquarium,
          aquarium_bridge_square [aquarium_subvault_wall,
          aquarium_subvault_wall, aquarium_subvault_window,
          aquarium_subvault_bridge], aquarium_bridge_square
          [aquarium_subvault_wall, aquarium_subvault_bridge,
          aquarium_subvault_bridge, aquarium_subvault_balcony],
          aquarium_window_1, aquarium_window_1, aquarium_view_2b,
          aquarium_pool_corner, dreamdust_princess_bridge
D:6:      minmay_inner_zag, layout_loops_ring,
          mainiacjoe_overflow_surrounded_room, hangedman_decor_points,
          nicolae_elevator_lobby_asterisk, uniq_blork_the_orc
D:7:      layout_basic, zin_scriptorium, uniq_crazy_yiuf_cottage, uniq_pikel,
          uniq_duvessa
D:8:      layout_basic, mainiacjoe_overflow_boulevard, hellmonk_lair_entry_icy,
          uniq_amaemon
D:9:      layout_grid_maze, kennysheep_generic_room_16

Skill      XL: |  1  2  3  4  5  6  7  8 |
---------------+-------------------------+-----
Short Blades   | 3 5 6 7 |  7.3
Stealth        | 8 10 11 12 | 12.1
Dodging        | 5 7 8 |  8.2
Fighting       | |  2.4

Action                     |  1- 3 |  4- 6 |  7- 9 || total
---------------------------+-------+-------+-------++-------
  Melee: Short sword       |     1 |       |       ||     1
         Rapier            |     4 |       |    92 ||    96
         Dagger            |     3 |     1 |    22 ||    26
         Whip              |       |       |    44 ||    44
         Punch             |       |       |     1 ||     1
  Evoke: Wand              |       |       |     5 ||     5
    Use: Scroll            |     1 |       |     5 ||     6
         Potion            |       |       |     3 ||     3
   Stab: Sleeping          |     4 |     1 |     3 ||     8
         Distracted        |       |       |     5 ||     5
         Fleeing           |       |       |     1 ||     1
 Armour: Robe              |       |       |     5 ||     5
  Dodge: Dodged            |     1 |       |   182 ||   183
